Map: Rorschach LE

Players

Roflcore - Winner!

  • Race: Protoss Protoss

VOD

Have the link to the VOD?

Description

Time

  • Played on: Sept. 7, 2026, 5:31 a.m.
  • Length: 26:08
Show
View Real Time Build Order
Export as new Build Order

Roflcore Protoss - Winner!

Build Orders:  

Get SALT Encoding   

  8  0:05  Probe (Chrono Boost)  
  10  0:22  Probe (Chrono Boost)  
  10  0:39  Probe (Chrono Boost)  
  11  0:55  Probe (Chrono Boost)  
  12  1:13  Pylon  
  12  1:14  Probe (Chrono Boost)  
  13  1:56  Gateway  
  13  1:58  Forge  
  13  2:04  Probe (Chrono Boost)  
  14  2:13  Assimilator  
  14  2:15  Probe (Chrono Boost)  
  15  2:27  Probe (Chrono Boost)  
  16  2:42  Probe (Chrono Boost)  
  17  2:53  Probe (Chrono Boost)  
  18  3:05  Probe (Chrono Boost)  
  19  3:13  Cybernetics Core  
  19  3:19  Pylon  
  19  3:35  Nexus  
  19  3:59  Stalker (Chrono Boost)  
  20  4:01  Probe (Chrono Boost)  
  20  4:06  Assimilator  
  20  4:16  Probe  
  23  4:33  Probe  
  24  5:11  Robotics Facility  
  24  5:13  Probe  
  24  5:18  Shield Battery  
  25  5:27  Sentry (Chrono Boost)  
  25  5:29  Warp Gate (Chrono Boost)  
  25  5:39  Probe  
  35  5:40  Probe  
  28  5:45  Assimilator  
  28  5:49  Assimilator  
  29  5:56  Probe x2  
  29  5:58  Photon Cannon  
  29  5:59  Protoss Ground Armor Level 1 (Chrono Boost)  
  31  6:13  Probe x2  
  33  6:25  Pylon  
  33  6:30  Probe  
  33  6:31  Pylon  
  33  6:35  Pylon  
  36  6:48  Immortal  
  40  6:53  Probe  
  40  6:54  Probe  
  40  6:55  Unknown  
  44  7:17  Unknown  
  44  7:33  Gateway x2  
  44  7:38  Gateway  
  44  7:41  Gateway  
  44  7:47  Robotics Bay  
  44  7:50  Probe x2  
  46  8:07  Probe x2  
  50  8:27  Probe x2  
  52  8:33  Unknown  
  52  8:36  Unknown x2  
  54  8:44  Probe x2  
  56  8:56  Unknown  
  56  8:58  Stalker  
  58  9:01  Colossus  
  58  9:19  Unknown  
  66  9:31  Protoss Ground Weapons Level 1 (Chrono Boost)  
  66  9:50  Extended Thermal Lance  
  66  9:51  Pylon  
  66  9:56  Pylon  
  66  10:04  Pylon  
  66  10:11  Immortal  
  66  10:16  Probe x2  
  72  10:26  Pylon  
  72  10:30  Pylon  
  72  10:33  Probe x2  
  72  10:36  Gateway  
  74  10:40  Gateway x2  
  74  10:45  Gateway x2  
  74  11:01  Nexus  
  74  11:04  Shield Battery  
  74  11:07  Photon Cannon  
  74  11:10  Probe  
  74  11:18  Immortal  
  79  11:34  Probe  
  79  11:35  Probe  
  81  11:51  Probe  
  81  11:52  Probe  
  83  12:08  Protoss Shields Level 1 (Chrono Boost)  
  83  12:25  Twilight Council  
  83  12:31  Immortal  
  87  12:47  Probe x2  
  87  12:48  Probe  
  90  13:04  Probe x2  
  90  13:05  Probe  
  90  13:07  Assimilator  
  93  13:12  Assimilator  
  93  13:32  Stalker  
  93  13:33  Stalker x3  
  93  13:34  Stalker  
  93  13:35  Stalker x3  
  109  13:48  Pylon  
  107  13:53  Pylon  
  93  14:06  Zealot x3  
  93  14:07  Zealot x4  
  93  14:08  Zealot x3  
  89  14:36  Probe x2  
  89  14:37  Probe  
  92  14:53  Probe x2  
  92  14:54  Probe  
  92  14:59  Nexus  
  93  15:03  Pylon  
  93  15:07  Immortal (Chrono Boost)  
  93  15:08  Pylon  
  91  15:10  Probe x2  
  91  15:12  Assimilator, Protoss Ground Weapons Level 2 (Chrono Boost)  
  91  15:18  Assimilator  
  97  15:25  Pylon  
  97  15:49  Stargate  
  97  15:52  Stargate  
  97  15:58  Immortal  
  101  16:01  Robotics Facility  
  101  16:22  Probe x3  
  104  16:39  Probe x3, Stalker x2  
  111  16:40  Stalker x4  
  111  16:41  Stalker x4  
  127  16:59  Immortal  
  131  17:22  Nexus  
  131  17:25  Warp Prism  
  131  17:26  Pylon  
  133  17:30  Blink (Chrono Boost)  
  133  17:31  Pylon  
  133  17:49  Probe  
  134  17:54  Immortal  
  138  18:06  Probe  
  139  18:22  Probe  
  140  18:32  Nexus  
  140  18:33  Protoss Ground Armor Level 2  
  140  18:34  Stalker x3  
  140  18:35  Stalker x5  
  140  18:36  Stalker x2, Pylon  
  140  18:39  Probe  
  161  18:41  Pylon  
  161  18:45  Pylon  
  161  18:51  Immortal x2  
  161  18:56  Probe  
  170  19:21  Zealot x3  
  170  19:22  Zealot x4  
  170  19:23  Zealot x3  
  190  19:46  Immortal x2  
  198  19:50  Charge (Chrono Boost)  
  198  19:56  Stalker  
  200  20:25  Stalker  
  200  20:26  Stalker x4  
  200  20:27  Stalker x3  
  138  21:07  Zealot x2  
  138  21:08  Zealot x4  
  138  21:09  Zealot x3  
  156  21:11  Zealot  
  158  21:41  Protoss Shields Level 2  
  158  21:47  Stalker x3  
  158  21:48  Stalker x4  
  172  21:50  Stalker x3  
  166  22:15  Immortal x2 (Chrono Boost)  
  154  23:08  Oracle  
  154  23:09  Oracle  
  168  23:10  Immortal x2 (Chrono Boost)  
  168  23:17  Stalker, Protoss Air Weapons Level 1  
  170  23:27  Zealot x3  
  170  23:28  Zealot x4  
  170  23:29  Zealot x2  
  189  24:00  Oracle  
  189  24:17  Zealot x2  
  189  24:18  Zealot x3  
  199  25:20  Unknown  
  197  25:57  Stalker  
Tags
 
Add a new tag
Caveats
  • Supply blocks, unpowered buildings, or Contaminate may cause inaccurate times.
  • Supply counts are checked every 10 seconds.